| TOP OF THE 1ST |
|
Salt Lake Bees batting - Pitching for Nashville Sounds : LHP Kalaida Steedman
|
|
Pitching: LHP Kalaida Steedman
|
|
|
Batting: LHB Justin Alexander
|
0-0: Called Strike 0-1: Bunt for hit to 3S - play at first, batter safe!
|
|
Batting: LHB Jonathon Walton
|
0-0: Ball 1-0: Called Strike 1-1: Ball 2-1: Ball 3-1: Called Strike 3-2: Strikes out swinging
|
|
Batting: RHB Brandon Davis
|
0-0: Ball 1-0: Ball Justin Alexander steals 2nd base 2-0: Ground out 2-3 (Groundball, 13S, EV 66.2 MPH) Justin Alexander to third
|
|
Batting: RHB Melvin Gomez
|
0-0: Called Strike 0-1: Foul Ball, location: 2F 0-2: Strikes out swinging
|
| Top of the 1st over - 0 runs, 1 hit, 0 errors, 1 left on base; Salt Lake 0 - Nashville 0 |
| BOTTOM OF THE 1ST |
|
Nashville Sounds batting - Pitching for Salt Lake Bees : RHP Allen Weaver
|
|
Pitching: RHP Allen Weaver
|
|
|
Batting: RHB Jeff Garofalo
|
0-0: Fly out, F7 (Flyball, 7D, EV 91.2 MPH)
|
|
Batting: SHB Robert Santiago
|
0-0: Ball 1-0: Ball 2-0: Fly out, F5 (Popup, 5SF, EV 76.9 MPH)
|
|
Batting: RHB Tim Cordle
|
0-0: Ground out 6-3 (Groundball, 6, EV 104.4 MPH)
|
| Bottom of the 1st over - 0 runs, 0 hits, 0 errors, 0 left on base; Salt Lake 0 - Nashville 0 |
| TOP OF THE 2ND |
|
Salt Lake Bees batting - Pitching for Nashville Sounds : LHP Kalaida Steedman
|
|
Batting: RHB Josh Faulconer
|
0-0: Foul Ball, location: 2F 0-1: Ball 1-1: Foul Ball, location: 2F 1-2: Fly out, F8 (Flyball, 8RM, EV 80.6 MPH)
|
|
Batting: SHB Butch Brown
|
0-0: Ground out 5-3 (Groundball, 56S, EV 71.2 MPH)
|
|
Batting: RHB Kian-tat Chen
|
0-0: Swinging Strike 0-1: Foul Ball, location: 2F 0-2: Strikes out swinging
|
| Top of the 2nd over - 0 runs, 0 hits, 0 errors, 0 left on base; Salt Lake 0 - Nashville 0 |
| BOTTOM OF THE 2ND |
|
Nashville Sounds batting - Pitching for Salt Lake Bees : RHP Allen Weaver
|
|
Batting: RHB David Herrera
|
0-0: Ball 1-0: SINGLE (Flyball, 6D, EV 87.5 MPH)
|
|
Batting: LHB Tomas Segarra
|
0-0: Ball 1-0: Ball 2-0: Fly out, F7 (Line Drive, 7, EV 88.8 MPH)
|
|
Batting: RHB Wade Diamond
|
0-0: Ball David Herrera is caught stealing 2nd base 2-4 1-0: Called Strike 1-1: Foul Ball, location: 2F 1-2: Strikes out swinging
|
| Bottom of the 2nd over - 0 runs, 1 hit, 0 errors, 0 left on base; Salt Lake 0 - Nashville 0 |
| TOP OF THE 3RD |
|
Salt Lake Bees batting - Pitching for Nashville Sounds : LHP Kalaida Steedman
|
|
Batting: LHB Brett Bugge
|
0-0: Ball 1-0: Foul Ball, location: 2F 1-1: Ball 2-1: Foul Ball, location: 2F 2-2: Ball 3-2: DOUBLE (Flyball, 8RXD, EV 95.0 MPH)
|
|
Batting: LHB Larry Prey
|
0-0: Foul Ball, location: 2F 0-1: Ball 1-1: Ball 2-1: Ball 3-1: Base on Balls
|
|
Batting: LHB Justin Alexander
|
0-0: Ball 1-0: Called Strike 1-1: Fielders Choice at 2nd, 6-4 (Groundball, 6, EV 91.2 MPH) Brett Bugge to third
|
|
Batting: LHB Jonathon Walton
|
0-0: Ball 1-0: Called Strike 1-1: Foul Ball, location: 2F 1-2: Strikes out swinging
|
|
Batting: RHB Brandon Davis
|
0-0: Ball 1-0: Ground out 4-3 (Groundball, 4, EV 82.5 MPH)
|
| Top of the 3rd over - 0 runs, 1 hit, 0 errors, 2 left on base; Salt Lake 0 - Nashville 0 |
| BOTTOM OF THE 3RD |
|
Nashville Sounds batting - Pitching for Salt Lake Bees : RHP Allen Weaver
|
|
Batting: RHB Robby Godwin
|
0-0: Called Strike 0-1: Foul Ball, location: 2F 0-2: Strikes out looking
|
|
Batting: SHB Ryan Chicoine
|
0-0: Swinging Strike 0-1: Ball 1-1: Swinging Strike 1-2: Foul Ball, location: 2F 1-2: Strikes out swinging
|
|
Batting: RHB Yonetoshi Muranaka
|
0-0: Called Strike 0-1: Ball 1-1: Fly out, F4 (Popup, 4D, EV 53.8 MPH)
|
| Bottom of the 3rd over - 0 runs, 0 hits, 0 errors, 0 left on base; Salt Lake 0 - Nashville 0 |
| TOP OF THE 4TH |
|
Salt Lake Bees batting - Pitching for Nashville Sounds : LHP Kalaida Steedman
|
|
Batting: RHB Melvin Gomez
|
0-0: Fly out, F9 (Flyball, 9D, EV 87.5 MPH)
|
|
Batting: RHB Josh Faulconer
|
0-0: Called Strike 0-1: Ground out U3 (Groundball, 34, EV 86.2 MPH)
|
|
Batting: SHB Butch Brown
|
0-0: Foul Ball, location: 2F 0-1: Foul Ball, location: 2F 0-2: Ball 1-2: Ball 2-2: Ball 3-2: Base on Balls
|
|
Batting: RHB Kian-tat Chen
|
0-0: Ball 1-0: SINGLE (Line Drive, 89S, EV 106.9 MPH) Butch Brown to second
|
|
Batting: LHB Brett Bugge
|
0-0: Ball 1-0: Foul Ball, location: 2F 1-1: SINGLE (Groundball, 4MD, EV 94.4 MPH) Butch Brown to third Kian-tat Chen to second
|
|
Batting: LHB Larry Prey
|
0-0: Ball 1-0: Fielders Choice at 2nd, 6-4 (Groundball, 4M, EV 81.2 MPH)
|
| Top of the 4th over - 0 runs, 2 hits, 0 errors, 3 left on base; Salt Lake 0 - Nashville 0 |
| BOTTOM OF THE 4TH |
|
Nashville Sounds batting - Pitching for Salt Lake Bees : RHP Allen Weaver
|
|
Batting: RHB Jeff Garofalo
|
0-0: Swinging Strike 0-1: Foul Ball, location: 2F 0-2: Ball 1-2: Ball 2-2: Ball 3-2: Fly out, F9 (Flyball, 9D, EV 98.8 MPH)
|
|
Batting: SHB Robert Santiago
|
0-0: Ball 1-0: Foul Ball, location: 2F 1-1: Foul Ball, location: 2F 1-2: Ground out 5-3 (Groundball, 56S, EV 78.1 MPH)
|
|
Batting: RHB Tim Cordle
|
0-0: Ball 1-0: Ball 2-0: Ball 3-0: Base on Balls
|
|
Batting: RHB David Herrera
|
0-0: Swinging Strike 0-1: Called Strike 0-2: Foul Ball, location: 2F 0-2: Strikes out swinging
|
| Bottom of the 4th over - 0 runs, 0 hits, 0 errors, 1 left on base; Salt Lake 0 - Nashville 0 |
| TOP OF THE 5TH |
|
Salt Lake Bees batting - Pitching for Nashville Sounds : LHP Kalaida Steedman
|
|
Batting: LHB Justin Alexander
|
0-0: Ball 1-0: Ball 2-0: Ball 3-0: Called Strike 3-1: Foul Ball, location: 2F 3-2: Foul Ball, location: 2F 3-2: Strikes out swinging, 2-3 out at first.
|
|
Batting: LHB Jonathon Walton
|
0-0: Called Strike 0-1: Swinging Strike 0-2: SINGLE (Line Drive, 7S, EV 87.5 MPH)
|
|
Batting: RHB Brandon Davis
|
0-0: Ball 1-0: Swinging Strike 1-1: Foul Ball, location: 2F 1-2: Strikes out looking
|
|
Batting: RHB Melvin Gomez
|
0-0: SINGLE (Groundball, 56D, EV 97.5 MPH) Jonathon Walton to second Runner from 2nd tries for 3rd, SAFE, throw by LF made to third
|
|
Batting: RHB Josh Faulconer
|
0-0: Ball 1-0: Swinging Strike 1-1: Foul Ball, location: 2F 1-2: Strikes out swinging
|
| Top of the 5th over - 0 runs, 2 hits, 0 errors, 2 left on base; Salt Lake 0 - Nashville 0 |
| BOTTOM OF THE 5TH |
|
Nashville Sounds batting - Pitching for Salt Lake Bees : RHP Allen Weaver
|
|
Batting: LHB Tomas Segarra
|
0-0: SINGLE (Groundball, 34D, EV 94.4 MPH)
|
|
Batting: RHB Wade Diamond
|
0-0: Called Strike 0-1: Ball 1-1: SINGLE (Flyball, 34D, EV 92.5 MPH) Tomas Segarra to second Runner from 2nd tries for 3rd, OUT! 9-5
|
|
Batting: RHB Robby Godwin
|
0-0: Ball Wade Diamond steals 2nd base 1-0: Ball 2-0: Ball 3-0: Called Strike 3-1: Foul Ball, location: 2F 3-2: Foul Ball, location: 2F 3-2: Fly out, F8 (Flyball, 8LD, EV 95.6 MPH)
|
|
Batting: SHB Ryan Chicoine
|
0-0: Ball 1-0: Foul Ball, location: 2F 1-1: Called Strike 1-2: Foul Ball, location: 2F 1-2: Fly out, F7 (Flyball, 78S, EV 86.9 MPH)
|
| Bottom of the 5th over - 0 runs, 2 hits, 0 errors, 1 left on base; Salt Lake 0 - Nashville 0 |
| TOP OF THE 6TH |
|
Salt Lake Bees batting - Pitching for Nashville Sounds : LHP Kalaida Steedman
|
|
Batting: SHB Butch Brown
|
0-0: Called Strike 0-1: Foul Ball, location: 2F 0-2: Ball 1-2: Fly out, F3 (Line Drive, 3, EV 66.2 MPH)
|
|
Batting: RHB Kian-tat Chen
|
0-0: Ball 1-0: Fly out, F7 (Line Drive, 78D, EV 100.0 MPH)
|
|
Batting: LHB Brett Bugge
|
0-0: Ball 1-0: Called Strike 1-1: Ball 2-1: Foul Ball, location: 2F 2-2: Foul Ball, location: 2F 2-2: Ball 3-2: Base on Balls
|
|
Batting: LHB Larry Prey
|
0-0: Called Strike 0-1: Ball 1-1: Foul Ball, location: 2F 1-2: Ball 2-2: Strikes out swinging
|
| Top of the 6th over - 0 runs, 0 hits, 0 errors, 1 left on base; Salt Lake 0 - Nashville 0 |
| BOTTOM OF THE 6TH |
|
Nashville Sounds batting - Pitching for Salt Lake Bees : RHP Allen Weaver
|
|
Batting: RHB Yonetoshi Muranaka
|
0-0: Called Strike 0-1: Foul Ball, location: 2F 0-2: Ball 1-2: Ball 2-2: Strikes out swinging
|
|
Batting: RHB Jeff Garofalo
|
0-0: Swinging Strike 0-1: Swinging Strike 0-2: Fly out, F3 (Popup, 3S, EV 82.5 MPH)
|
|
Batting: SHB Robert Santiago
|
0-0: Swinging Strike 0-1: Ball 1-1: Ball 2-1: Ball 3-1: Foul Ball, location: 2F 3-2: Foul Ball, location: 2F 3-2: Base on Balls
|
|
Batting: RHB Tim Cordle
|
0-0: Ball 1-0: Called Strike Robert Santiago steals 2nd base (no throw) 1-1: Ball 2-1: Foul Ball, location: 2F 2-2: Foul Ball, location: 2F 2-2: Foul Ball, location: 2F 2-2: Fly out, F8 (Line Drive, 8RD, EV 108.8 MPH)
|
| Bottom of the 6th over - 0 runs, 0 hits, 0 errors, 1 left on base; Salt Lake 0 - Nashville 0 |
| TOP OF THE 7TH |
|
Salt Lake Bees batting - Pitching for Nashville Sounds : LHP Kalaida Steedman
|
|
Pitching: RHP Jesus Gonzales
|
|
|
Batting: LHB Justin Alexander
|
0-0: Ball 1-0: Ball 2-0: Ground out 3-1 (Groundball, 34, EV 101.9 MPH)
|
|
Batting: LHB Jonathon Walton
|
0-0: Ball 1-0: Ball 2-0: Ball 3-0: Called Strike 3-1: Base on Balls
|
|
Batting: RHB Brandon Davis
|
0-0: Ball Jonathon Walton steals 2nd base (no throw) 1-0: Ground out 4-3 (Groundball, 4, EV 83.1 MPH) Jonathon Walton to third
|
|
Batting: RHB Melvin Gomez
|
0-0: Ball 1-0: Ball 2-0: Ball 3-0: Base on Balls
|
|
Batting: RHB Josh Faulconer
|
0-0: Called Strike 0-1: Foul Ball, location: 2F 0-2: Ball 1-2: Ball 2-2: Ball 3-2: Base on Balls Melvin Gomez to second
|
|
Batting: SHB Butch Brown
|
0-0: Swinging Strike 0-1: Swinging Strike 0-2: Ball 1-2: Strikes out swinging
|
| Top of the 7th over - 0 runs, 0 hits, 0 errors, 3 left on base; Salt Lake 0 - Nashville 0 |
| BOTTOM OF THE 7TH |
|
Nashville Sounds batting - Pitching for Salt Lake Bees : RHP Allen Weaver
|
|
Pitching: RHP Eric Cunningham
|
|
|
Batting: RHB David Herrera
|
0-0: Called Strike 0-1: Foul Ball, location: 2F 0-2: Fly out, F7 (Flyball, 7, EV 79.4 MPH)
|
|
Batting: LHB Tomas Segarra
|
0-0: Ball 1-0: Called Strike 1-1: Foul Ball, location: 2F 1-2: Ball 2-2: Strikes out looking
|
|
Batting: RHB Wade Diamond
|
0-0: Ball 1-0: Ball 2-0: Ball 3-0: Base on Balls
|
|
Batting: RHB Robby Godwin
|
0-0: Foul Ball, location: 2F 0-1: Ball 1-1: SINGLE (Line Drive, 7LM, EV 103.1 MPH) Wade Diamond to second
|
|
Batting: SHB Ryan Chicoine
|
0-0: Ball 1-0: Fly out, F9 (Flyball, 9, EV 93.8 MPH)
|
| Bottom of the 7th over - 0 runs, 1 hit, 0 errors, 2 left on base; Salt Lake 0 - Nashville 0 |
| TOP OF THE 8TH |
|
Salt Lake Bees batting - Pitching for Nashville Sounds : RHP Jesus Gonzales
|
|
Batting: RHB Kian-tat Chen
|
0-0: Swinging Strike 0-1: Ground out 5-3 (Groundball, 56S, EV 90.6 MPH)
|
|
Batting: LHB Brett Bugge
|
0-0: Ball 1-0: Ball 2-0: Foul Ball, location: 2F 2-1: Ground out U3 (Groundball, 3L, EV 90.6 MPH)
|
|
Batting: LHB Larry Prey
|
0-0: Swinging Strike 0-1: Foul Ball, location: 2F 0-2: Foul Ball, location: 2F 0-2: Ball 1-2: Strikes out swinging
|
| Top of the 8th over - 0 runs, 0 hits, 0 errors, 0 left on base; Salt Lake 0 - Nashville 0 |
| BOTTOM OF THE 8TH |
|
Nashville Sounds batting - Pitching for Salt Lake Bees : RHP Eric Cunningham
|
|
Batting: RHB Yonetoshi Muranaka
|
0-0: Called Strike 0-1: Called Strike 0-2: Foul Ball, location: 2F 0-2: Foul Ball, location: 2F 0-2: SINGLE (Groundball, 5L, EV 84.4 MPH) (infield hit)
|
|
Batting: RHB Jeff Garofalo
|
0-0: Bunted foul 0-1: Ball 1-1: Bunt missed! 1-2: SINGLE (Line Drive, 78S, EV 89.4 MPH) Yonetoshi Muranaka to second
|
|
Batting: SHB Robert Santiago
|
0-0: Fielders Choice at 2nd, 3-6 (Groundball, 34, EV 83.8 MPH) Yonetoshi Muranaka to third
|
|
Batting: RHB Tim Cordle
|
0-0: 3-RUN HOME RUN (Flyball, 78XD, EV 98.8 MPH), Distance : 385 ft
|
|
Pitching: RHP Joe Beam
|
|
|
Batting: RHB David Herrera
|
0-0: Swinging Strike 0-1: Ball 1-1: Ball 2-1: DOUBLE (Line Drive, 9LM, EV 102.5 MPH)
|
|
Batting: LHB Tomas Segarra
|
0-0: Intentional Walk
|
|
Batting: RHB Wade Diamond
|
0-0: Ball 1-0: Called Strike 1-1: Fly out, F7 (Flyball, 7D, EV 103.8 MPH)
|
|
Batting: RHB Robby Godwin
|
0-0: Ball 1-0: Ball 2-0: Called Strike 2-1: Foul Ball, location: 2F 2-2: Ball 3-2: SINGLE (Groundball, 34D, EV 108.1 MPH) David Herrera to third Tomas Segarra to second David Herrera scores Tomas Segarra to third
|
|
Batting: SHB Ryan Chicoine
|
0-0: Ball 1-0: Ball 2-0: Ball 3-0: Called Strike 3-1: Foul Ball, location: 2F 3-2: Base on Balls Robby Godwin to second
|
|
Batting: RHB Yonetoshi Muranaka
|
0-0: Called Strike 0-1: Fielders Choice at 2nd, 6-4 (Groundball, 56, EV 80.6 MPH)
|
| Bottom of the 8th over - 4 runs, 5 hits, 0 errors, 3 left on base; Salt Lake 0 - Nashville 4 |
| TOP OF THE 9TH |
|
Salt Lake Bees batting - Pitching for Nashville Sounds : RHP Jesus Gonzales
|
|
Pitching: RHP Kevin Endsley
|
|
|
Batting: LHB Justin Alexander
|
0-0: Ball 1-0: Swinging Strike 1-1: Called Strike 1-2: Fly out, F9 (Flyball, 9D, EV 87.5 MPH)
|
|
Batting: LHB Jonathon Walton
|
0-0: Fly out, F7 (Line Drive, 7LD, EV 88.1 MPH)
|
|
Batting: RHB Brandon Davis
|
0-0: Ball 1-0: Ball 2-0: Called Strike 2-1: Ball 3-1: Base on Balls
|
|
Batting: RHB Melvin Gomez
|
0-0: Called Strike 0-1: Ball 1-1: Foul Ball, location: 2F 1-2: Ball 2-2: Strikes out swinging
|
| Top of the 9th over - 0 runs, 0 hits, 0 errors, 1 left on base; Salt Lake 0 - Nashville 4 |
|